 Dungeon Crawl Stone Soup version 0.17.1-3-g152610e (webtiles) character file.

20 Goblin1989 the Insei (level 2, 0/16 HPs)
             Began as a Vine Stalker Monk on Apr 4, 2016.
             Was a Believer of Kikubaaqudgha.
             Shot with a stone by a goblin (5 damage)
             ... on level 2 of the Dungeon.
             The game lasted 00:01:45 (681 turns).

Goblin1989 the Insei (Vine Stalker Monk)             Turns: 681, Time: 00:01:45

Health: 0/16       AC:  3    Str: 13    XL:     2   Next: 79%
Magic:  0/3        EV: 13    Int: 10    God:    Kikubaaqudgha [**....]
Gold:   43         SH:  0    Dex: 16    Spells: 1 memorised, 0 levels left

rFire  . . .     SeeInvis .       - Unarmed
rCold  . . .     Clarity  .     a - +0 robe
rNeg   . . .     SustAt   .     (no shield)
rPois  .         Gourm    .     (no helmet)
rElec  .         Spirit   +     (no cloak)
rCorr  .         Warding  .     e - +0 pair of gloves
rMut   .         Stasis   .     (no boots)
MR     .....                    (no amulet)
Stlth  ++........               (no ring)
                                (no ring)

@: not resistant to hostile enchantments, unstealthy
A: fangs 2, regeneration 1, magic shield, antimagic bite, no device heal 3, rot
immunity
a: Receive Corpses, Renounce Religion


You were on level 2 of the Dungeon.
You worshipped Kikubaaqudgha.
Kikubaaqudgha was pleased with you.
You were not hungry.

You visited 1 branch of the dungeon, and saw 2 of its levels.

You collected 43 gold pieces.

Inventory:

Armour
 a - a +0 robe (worn)
 e - a +0 pair of gloves (worn)
Scrolls
 d - a scroll of teleportation {unknown}
 g - a scroll of identify {unknown}
 h - a scroll of remove curse {unknown}
 j - a scroll of noise {unknown}
 k - a scroll of blinking {unknown}
 l - a scroll of fog {unknown}
Potions
 i - a potion of degeneration {unknown}
Books
 m - Kikubaaqudgha's Papyrus of Darkness
   (Kikubaaqudgha gifted it to you on level 2 of the Dungeon)

   Spells                             Type                      Level
   a - Animate Skeleton               Necromancy                   1
   b - Corpse Rot                     Necromancy                   2
   c - Sublimation of Blood           Necromancy                   2
   d - Vampiric Draining              Necromancy                   3
   e - Control Undead                 Necromancy                   4
Comestibles
 b - 3 bread rations
 c - 2 fruits
 f - 3 meat rations


   Skills:
 - Level 2.6 Fighting
 - Level 2.4 Dodging
 - Level 2.4 Stealth
 * Level 4.7 Unarmed Combat
 + Level 0.2 Necromancy


You couldn't memorise any spells.
You knew the following spells:

 Your Spells              Type           Power        Failure   Level  Hunger
a - Animate Skeleton      Necr           N/A          38%         1    ##.....


Dungeon Overview and Level Annotations

Branches:
Dungeon (2/15)

Altars:
Kikubaaqudgha


Innate Abilities, Weirdness & Mutations

You have extremely sharp teeth.
Your natural rate of healing is unusually fast.
When hurt, damage is shared between your health and your magic reserves.
Your bite disrupts and absorbs the magic of your enemies.
Potions and wands cannot restore your health.
You are immune to rotting.


Message History

The hobgoblin barely misses you.
The goblin shoots a stone.
The stone hits you.
You see here a stone.
You hit the hobgoblin.
The hobgoblin is heavily wounded.
The hobgoblin hits you with a club.
The goblin shoots a stone.
The stone misses you.
You hit the hobgoblin. Your punch misses the hobgoblin.
The hobgoblin is severely wounded.
The hobgoblin hits you.
The hobgoblin hits you but does no damage.
The goblin shoots a stone.
The stone hits you but does no damage.
You hit the hobgoblin but do no damage. You bite the hobgoblin.
You drain its power.
You feel invigorated.
You kill the hobgoblin!
Kikubaaqudgha accepts your kill. The hobgoblin misses you.
You barely miss the hobgoblin. Your bite misses the hobgoblin.
The goblin shoots a stone.
The stone hits you!
You die...
Kikubaaqudgha rasps: "You have failed me!
Welcome... death!"

... #.# #.# ###.#
...# # #..# .# #
#..##.####
#>#####(@)......
#......(.g..###.
#####..>##..####
#...g###.#..# #.#
#...# #.####
#...# #....#
##...#
##.##.###.#.##
#####...#.##..#.#


You could see a hobgoblin and a goblin.

Vanquished Creatures
  An ooze (D:1)
  A giant gecko (D:1)
  3 hobgoblins
  2 kobolds (D:1)
  3 bats (D:1)
  A giant newt (D:1)
  A goblin (D:2)
  3 rats (D:1)
15 creatures vanquished.

Notes
Turn   | Place    | Note
--------------------------------------------------------------
     0 | D:1      | Goblin1989 the Vine Stalker Monk began the quest for the Orb.
     0 | D:1      | Reached XP level 1. HP: 11/11 MP: 2/2
    62 | D:1      | Reached XP level 2. HP: 16/16 MP: 3/3
   646 | D:2      | Found an ancient bone altar of Kikubaaqudgha.
   656 | D:2      | Became a worshipper of Kikubaaqudgha
   656 | D:2      | Reached * piety under Kikubaaqudgha
   656 | D:2      | Received a gift from Kikubaaqudgha
   656 | D:2      | Reached ** piety under Kikubaaqudgha
   657 | D:2      | Identified Kikubaaqudgha's Papyrus of Darkness (Kikubaaqudgha gifted it to you on level 2 of the Dungeon)
   660 | D:2      | Learned a level 1 spell: Animate Skeleton
   681 | D:2      | Shot with a stone by a goblin

Action                   || total
-------------------------++-------
Melee: Unarmed           ||    33
 Stab: Sleeping          ||     4
